 Dungeon Crawl Stone Soup version 0.30-a0-341-g682706514a (webtiles) character file.

Game seed: 9824495119618573240

336 IdlyInterested the Vexing (level 6, 0/43 HPs)
             Began as a Demonspawn Wanderer on Nov 2, 2022.
             Slain by a wraith (6 damage)
             ... in an ossuary.
             The game lasted 00:11:43 (3294 turns).

IdlyInterested the Vexing (Demonspawn Wanderer)     Turns: 3294, Time: 00:11:43

Health: 0/43       AC:  4    Str: 14    XL:     6   Next: 28%
Magic:  5/7        EV: 13    Int: 19    God:
Gold:   118        SH:  4    Dex: 13    Spells: 6/7 levels left

rFire   . . .      SeeInvis .    j - +0 short sword
rCold   . . .      Faith    .    b - +0 buckler
rNeg    . . .      Spirit   .    q - +0 troll leather armour {Pargi}
rPois   .          Reflect  .    (helmet restricted)
rElec   .          Harm     .    (no cloak)
rCorr   +          Rampage  .    (no gloves)
Will    .....                    (no boots)
Stlth   ++........               (no amulet)
HPRegen 1.07/turn                k - +6 ring of intelligence
MPRegen 0.10/turn                r - ring of resist corrosion

@: slowed, invisible, very slow
A: horns 1, repulsion field 1, powered by death 1, demonic magic 2
a: no special abilities


You were in an ossuary.
You visited 1 branch of the dungeon, and saw 4 of its levels.
You also visited: Ossuary.

You collected 118 gold pieces.

Inventory:

Hand Weapons
 f - a +0 dagger
 j - a +0 short sword (weapon)
Missiles
 e - 8 poisoned darts
Armour
 b - a +0 buckler (worn)
 q - a +0 troll leather armour (worn) {Pargi}
Jewellery
 k - a +6 ring of intelligence (left hand)
 r - a ring of resist corrosion (right hand)
Wands
 h - a wand of roots (10)
Scrolls
 d - a scroll of magic mapping {unknown}
 g - 2 scrolls of teleportation
 m - a scroll of enchant armour {unknown}
 s - a scroll of identify
 t - a scroll of amnesia {unknown}
 u - a scroll of brand weapon {unknown}
Potions
 a - 2 potions of curing
 i - a potion of magic {unknown}
 l - 2 potions of heal wounds
 n - a potion of haste {unknown}
 o - a potion of mutation {unknown}
 p - 2 potions of lignification
 v - a potion of degeneration {unknown}


   Skills:
 * Level 1.3 Fighting
 * Level 2.9 Short Blades
 - Level 1.7 Polearms
 - Level 1.0 Dodging
 - Level 4.0 Stealth
 - Level 1.0 Shields
 - Level 1.0 Spellcasting
 + Level 4.3 Hexes
 - Level 1.0 Evocations


You had 6 spell levels left.
You knew the following spells:

 Your Spells              Type           Power      Damage    Failure   Level
a - Slow                  Hex            68%        N/A       5%          1

Your spell library contained the following spells:

 Spells                   Type           Power      Damage    Failure   Level
 Confusing Touch          Hex            17%        N/A       16%         3
 Ensorcelled Hibernation  Hex/Ice        18%        N/A       21%         2
 Ignite Poison            Fire/Tmut/Pois 0%         N/A       67%         3
 Kindle Blastsparks       Fire/Tloc/Air  0%         2d10      67%         3
 Spider Form              Tmut/Pois      0%         N/A       67%         3
 Stone Arrow              Conj/Erth      0%         3d7       67%         3
 Anguish                  Hex/Necr       4%         N/A       78%         4
 Fulminant Prism          Conj/Hex       4%         3d5       78%         4
 Animate Armour           Summ/Erth      0%         N/A       97%         4
 Freezing Cloud           Conj/Ice/Air   0%         6-21      100%        5
 Lehudib's Crystal Spear  Conj/Erth      0%         10d2      100%        8


Dungeon Overview and Level Annotations

Branches:
Dungeon (4/15)            Ossuary (1/1)
 Temple: D:4-7

Altars:
Makhleb
Nemelex Xobeh
Sif Muna

Shops:
D:1 [


Innate Abilities, Weirdness & Mutations

You have a pair of small horns on your head.
You are surrounded by a mild repulsion field. (EV +2)
You regenerate a little health from kills.
Spells you cast may paralyse nearby enemies.


Message History

You fade into invisibility!
The wraith barely misses you.
You barely miss the wraith. Your headbutt misses the wraith.
The wraith is moderately damaged.
You hit the wraith.
You headbutt the wraith, but do no damage.
The wraith is heavily damaged.
The wraith misses you.
You barely miss the wraith.
The wraith is heavily damaged.
You block the wraith's attack.
You hit the wraith but do no damage.
The wraith is heavily damaged.
The wraith hits you!
You hit the wraith but do no damage.
The wraith is heavily damaged.
The wraith is no longer moving slowly.
The wraith closely misses you.
You hit the wraith.
You headbutt the wraith, but do no damage.
The wraith is heavily damaged.
The wraith barely misses you.
You hit the wraith but do no damage. Your headbutt misses the wraith.
The wraith is heavily damaged.
The wraith hits you. The wraith hits you! The wraith drains your vigour!
You feel as though you will be slow longer.
You hit the wraith but do no damage.
The wraith is heavily damaged.
The wraith hits you. The wraith drains your vigour!
You feel as though you will be slow longer.
Aiming: Slow (safe; 5% risk of failure)
Press: ? - help, Q - select action, (/) - cycle Shift-Dir - straight line, f/p - wraith
Aim: a wraith (heavily damaged, chance to affect: 18%)
The wraith resists with almost no effort.
Malevolent energies surge around you. The wraith hits you!
* * * LOW HITPOINT WARNING * * *
The wraith drains your vigour!
You feel as though you will be slow longer.
The wraith hits you.
You die...

#.....................
#.....................
#..####..###..###..###
#..#.'...#.#..#.#..#.#
#..####..#'#..#'#..#'#
#........#.#..#.#..#.#
#.....................
#..####.......###.....
#..#W@....8...# #...8.
#..####.......#+#.....
#... .........#.#.....
#.....................
#..####..####.....####
...# +...8...+ # #..#
##.....#### ...
...........
....#.#.....


You could see a wraith.

Vanquished Creatures
  Pargi (D:3)
  A hound (D:4)
  A human zombie (Ossuary)
  An orc priest (D:3)
  A mummy (Ossuary)
  4 gnolls (D:3)
  2 adders
  A worm (D:2)
  5 dart slugs (D:1)
  3 orcs (D:3)
  8 ball pythons
  4 endoplasms
  A giant cockroach (D:1)
  4 goblins
  7 hobgoblins
  2 quokkas (D:1)
  6 bats
  3 frilled lizards
  5 goblin zombies
  A hobgoblin zombie (Ossuary)
  8 kobolds
  2 kobold zombies (Ossuary)
  An orc zombie (Ossuary)
  6 rats
78 creatures vanquished.

Notes
Turn   | Place    | Note
-------+----------+-------------------------------------------
     0 | D:1      | IdlyInterested the Demonspawn Wanderer began the quest for
                  | the Orb.
     0 | D:1      | IdlyInterested set off with the following items: a +0
                  | spear, a +0 buckler, a potion of invisibility, a +0 leather
                  | armour; and the following spell memorised: Slow; and the
                  | following spells available to memorise: Confusing Touch,
                  | Fulminant Prism.
     0 | D:1      | Reached XP level 1. HP: 15/15 MP: 2/2
   173 | D:1      | Gained mutation: Spells you cast may paralyse adjacent
                  | enemies. [demonic ancestry]
   173 | D:1      | Reached XP level 2. HP: 21/21 MP: 3/3
   414 | D:1      | Reached skill level 1 in Stealth
   516 | D:1      | Gained mutation: You have a pair of small horns on your
                  | head. [demonic ancestry]
   516 | D:1      | Reached XP level 3. HP: 22/26 MP: 4/4
   645 | D:1      | Found Ylucwi Okymu's Antique Armour Shop.
  1742 | D:2      | Reached skill level 1 in Short Blades
  1957 | D:2      | Gained mutation: You are surrounded by a mild repulsion
                  | field. (EV +2) [demonic ancestry]
  1957 | D:2      | Reached XP level 4. HP: 32/32 MP: 3/5
  2014 | D:3      | Noticed Pargi
  2324 | D:3      | Killed Pargi
  2325 | D:3      | Gained mutation: You regenerate a little health from kills.
                  | [demonic ancestry]
  2325 | D:3      | Reached XP level 5. HP: 22/37 MP: 2/6
  2380 | D:3      | Found a burning altar of Makhleb.
  2529 | D:3      | Found a shimmering blue altar of Sif Muna.
  2624 | D:3      | Found the +7 staff of the Meek {protect, meekguard}
  2832 | D:3      | Found a sparkling altar of Nemelex Xobeh.
  2985 | D:4      | Gained mutation: Spells you cast may paralyse nearby
                  | enemies. [demonic ancestry]
  2985 | D:4      | Reached XP level 6. HP: 43/43 MP: 5/7
  3006 | D:4      | Found a sand-covered staircase.
  3033 | Ossuary  | Entered an ossuary
  3033 | Ossuary  | Noticed a wraith
  3033 | Ossuary  | Noticed a wraith
  3033 | Ossuary  | Noticed a wraith
  3268 | Ossuary  | Noticed a wraith
  3294 | Ossuary  | Slain by a wraith

Illustrated notes

Levels and vault maps discovered:
D:1:      shiori_arrival_maze, layout_loops_ring, serial_shops,
          nicolae_shop_hallway_stairs, minmay_distorted
D:2:      layout_basic
D:3:      layout_rooms, mainiacjoe_overflow_alcove_1, nemelex_dance_club_becter,
          lemuel_crystal_altar, serial_rivers, chequers_serial_rivers_small_a,
          chequers_serial_rivers_large_a, chequers_serial_rivers_room_b,
          chequers_serial_rivers_small_a, grunt_decor_one_mirror,
          pf_guarded_unrand_meek, uniq_pargi
D:4:      layout_rooms, zin_treasury, minmay_temple_entry_glass, serial_shops,
          shop_fountains, nicolae_shop_behind_doors, shop, enter_ossuary_4,
          gammafunk_ghost_stat_death
Ossuary:  ossuary_kennysheep_city_of_the_dead

Skill      XL: |  1  2  3  4  5  6 |
---------------+-------------------+-----
Stealth        | 1 3 4 |  4.0
Short Blades   | 1 2 |  2.9
Hexes          | 4 |  4.3
Fighting       | |  1.3
Polearms       | |  1.7
Dodging        | |  1.0
Shields        | |  1.0
Spellcasting   | |  1.0
Evocations     | |  1.0

Action                   |  1- 3 |  4- 6 || total
-------------------------+-------+-------++-------
Melee: Spear             |    30 |       ||    30
       Short sword       |    92 |    57 ||   149
       Dagger            |    25 |    82 ||   107
       Headbutt          |    14 |    26 ||    40
 Cast: Slow              |    14 |    24 ||    38
  Use: Scroll            |     6 |     2 ||     8
       Potion            |     1 |     2 ||     3
 Stab: Sleeping          |     6 |     3 ||     9
       Paralysed         |     9 |    19 ||    28
       Distracted        |     1 |       ||     1
Armor: Leather armour    |    24 |     2 ||    26
       Troll leather arm |       |    21 ||    21
Dodge: Dodged            |    61 |    64 ||   125
Block: Buckler           |    17 |    22 ||    39

Table legend: (Time is in decaauts)
 A = Elapsed time spent in this place.
 B = Non-inter-level travel time spent in this place.
 C = Inter-level travel time spent in this place.
 D = Time resting spent in this place.
 E = Time spent auto-exploring this place.
 F = Levels seen in this place.
 G = Mean time per level.
                   A        B        C        D        E       F      G
               +--------+--------+--------+--------+--------+-----+--------+
         Total |   3314 |   2959 |    355 |    184 |   1792 |   5 |  662.8 |
       Dungeon |   3051 |   2696 |    355 |    171 |   1792 |   4 |  762.8 |
       Ossuary |    263 |    263 |      0 |     13 |      0 |   1 |  263.0 |
               +--------+--------+--------+--------+--------+-----+--------+

Top non-repeatable levels by time:
     D:1: 1122 daAuts
     D:2: 967 daAuts
     D:3: 907 daAuts
 Ossuary: 263 daAuts
     D:4: 54 daAuts
